 Dungeon Crawl Stone Soup version 0.26-a0-774-g1415c89e12 (webtiles) character file.

Game seed: 9265991569740572674

9 Forecaster the Stinger (level 2, 0/22 HPs)
             Began as a Naga Venom Mage on Nov 9, 2020.
             Slain by a frilled lizard (2 damage)
             ... on level 1 of the Dungeon.
             The game lasted 00:00:53 (205 turns).

Forecaster the Stinger (Naga Venom Mage)             Turns: 205, Time: 00:00:54

Health: 0/22       AC:  1    Str: 10    XL:     2   Next: 12%
Magic:  1/5        EV: 10    Int: 15    God:
Gold:   0          SH:  0    Dex: 11    Spells: 4/5 levels left

rFire    . . .     SeeInvis +   c - +0 club
rCold    . . .     Faith    .   (no shield)
rNeg     . . .     Spirit   .   a - +0 robe
rPois    +         Reflect  .   (no helmet)
rElec    .         Harm     .   (no cloak)
rCorr    .         Rampage  .   (no gloves)
MR       .....                  (no barding)
Stlth    ++........             (no amulet)
HPRegen  0.07/turn              (no ring)
MPRegen  0.09/turn              (no ring)

@: very slow
A: large, see invisible, deformed body, poison resistance, slowness 2, spit
poison 1, AC +0
a: Spit Poison


You were on level 1 of the Dungeon.
You visited 1 branch of the dungeon, and saw 1 of its levels.

Inventory:

Hand Weapons
 c - a +0 club (weapon)
Armour
 a - a +0 robe (worn)
Scrolls
 b - a scroll of teleportation {unknown}
 d - a scroll of identify {unknown}


   Skills:
 + Level 1.6 Dodging
 + Level 3.0 Stealth
 + Level 2.2 Spellcasting
 + Level 1.1 Transmutations
 + Level 4.4 Poison Magic


You had 4 spell levels left.
You knew the following spells:

 Your Spells              Type           Power        Failure   Level
a - Sting                 Tmut/Pois      #...         7%          1

Your spell library contained the following spells:

 Spells                   Type           Power        Failure   Level
 Poisonous Vapours        Pois/Air       #.....       13%         2
 Ignite Poison            Fire/Tmut/Pois #.......     30%         3
 Mephitic Cloud           Conj/Pois/Air  #.......     34%         3
 Olgreb's Toxic Radiance  Pois           ##......     34%         4


Dungeon Overview and Level Annotations

Branches:
Dungeon (1/15)

Altars:


Innate Abilities, Weirdness & Mutations

You cannot wear boots.
Your serpentine skin is tough. (AC +0)
You have supernaturally acute eyesight. (SInv)
Armour fits poorly on your strangely shaped body.
Your system is resistant to poisons. (rPois)
You cover ground very slowly.
You can spit poison.


Message History

You closely miss the frilled lizard. The frilled lizard closely misses you.
The frilled lizard bites you but does no damage.
You miss the frilled lizard. The frilled lizard barely misses you.
The frilled lizard closely misses you. x3
Casting: Sting (safe; 7% risk of failure)
Confirm with . or Enter, or press ? or * to list all spells.
Press: ? - help, Shift-Dir - straight line, f - frilled lizard
Aim: a frilled lizard The sting hits the frilled lizard.
The frilled lizard is poisoned.
You kill the frilled lizard!
The frilled lizard barely misses you.
You closely miss the frilled lizard. The frilled lizard bites you.
* * * LOW HITPOINT WARNING * * *
You closely miss the frilled lizard.
A bat comes into view.
The frilled lizard bites you.
* * * LOW HITPOINT WARNING * * *
The frilled lizard barely misses you.
You miss the frilled lizard. The frilled lizard bites you.
You die...

#..........## ≈
#...........# ≈l
#...........#
≈.#...........#
....b...†)...#
#......)...##
##...$.†.....##
#......†l@....#
######...#.######.#..#
....... #..# ... # ## #
##.# #.#.. .# #.#
...... .##### #.# ....
..
.....######.####......
.
.##............(.......
.##......####.##.....


You could see a bat and a frilled lizard.

Vanquished Creatures
  A bat (D:1)
  A giant cockroach (D:1)
  4 goblins (D:1)
  2 frilled lizards (D:1)
8 creatures vanquished.

Notes
Turn   | Place    | Note
-------+----------+-------------------------------------------
     0 | D:1      | Forecaster the Naga Venom Mage began the quest for the Orb.
     0 | D:1      | Reached XP level 1. HP: 15/15 MP: 3/3
   189 | D:1      | Reached XP level 2. HP: 22/22 MP: 1/5
   205 | D:1      | Slain by a frilled lizard

Illustrated notes

Levels and vault maps discovered:
D:1:      evilmike_arrival_fibonacci_small, layout_rooms, serial_park_tiny_1,
          minmay_lizard_pond

Action                   || total
-------------------------++-------
Melee: Club              ||    14
 Cast: Sting             ||    10
Armor: Robe              ||     4
Dodge: Dodged            ||    13

Table legend: (Time is in decaauts)
 A = Elapsed time spent in this place.
 B = Non-inter-level travel time spent in this place.
 C = Inter-level travel time spent in this place.
 D = Time resting spent in this place.
 E = Time spent auto-exploring this place.
 F = Levels seen in this place.
 G = Mean time per level.
                   A        B        C        D        E       F      G
               +--------+--------+--------+--------+--------+-----+--------+
         Total |    237 |    237 |      0 |      0 |    181 |   1 |  237.0 |
       Dungeon |    237 |    237 |      0 |      0 |    181 |   1 |  237.0 |
               +--------+--------+--------+--------+--------+-----+--------+

Top non-repeatable levels by time:
     D:1: 237 daAuts
